 Dungeon Crawl Stone Soup version 0.32-a0-360-gcd93b57ba1 (webtiles) character file.

Game seed: 7853583814153208203

1913 FenstriderWitch the Carver (level 8, -3/71 HPs)
             Began as a Black Draconian Monk on Feb 18, 2024.
             Was a Believer of Beogh.
             Slain by Maggie
             ... wielding a +0 halberd
              (7 damage)
             ... on level 6 of the Dungeon.
             The game lasted 00:05:53 (5385 turns).

FenstriderWitch the Carver (Black Draconian Monk)   Turns: 5385, Time: 00:05:54

Health: -3/71      AC:  6    Str: 14    XL:     8   Next: 95%
Magic:  8/8        EV: 17    Int: 11    God:    Beogh [**....]
Gold:   277        SH:  9    Dex: 15    Spells: 7/7 levels left

rFire   + . .        a - +0 falchion
rCold   + . .        k - +0 kite shield
rNeg    . . .        (body armour unavailable)
rPois   +            (helmet restricted)
rElec   +            (no cloak)
rCorr   +            (no gloves)
SInv    .            (no boots)
Will    .....        (no amulet)
Stlth   +            n - +5 ring of evasion
HPRegen 0.31/turn    (no ring)
MPRegen 0.11/turn

%: no passive effects
@: short of breath, resistant, mesmerised, hasted, invisible, very quick
A: breathe lightning, AC +6, unfitting armour, electricity resistance,
cold-blooded, deterioration 1, mutation resistance 1
a: Breathe Lightning, Renounce Religion, Smiting


You were on level 6 of the Dungeon.
You worshipped Beogh.
Beogh was pleased with you.
You visited 1 branch of the dungeon, and saw 6 of its levels.

You collected 319 gold pieces.
You spent 42 gold pieces at shops.

Inventory:

Hand Weapons
 a - a +0 falchion (weapon)
Armour
 c - an orb of light
 k - a +0 kite shield (worn)
Jewellery
 n - a +5 ring of evasion (left hand)
 t - an amulet of magic regeneration
Scrolls
 d - a scroll of noise {unknown}
 f - 3 scrolls of identify {unknown}
 i - 2 scrolls of immolation {unknown}
 j - a scroll of enchant armour {unknown}
 l - a scroll of torment {unknown}
 p - 3 scrolls of teleportation {unknown}
 u - a scroll of enchant weapon {unknown}
 v - a scroll of brand weapon {unknown}
Potions
 b - 2 potions of ambrosia
 g - 2 potions of haste {@q5}
 h - 2 potions of might {unknown}
 m - 2 potions of invisibility
 o - a potion of brilliance {unknown}
 q - a potion of heal wounds {unknown}
 r - 2 potions of mutation


   Skills:
 + Level 6.6 Fighting
 * Level 8.1 Long Blades
 + Level 5.5 Dodging
 + Level 4.6 Shields


You had 7 spell levels left.
You didn't know any spells.
Your spell library contained the following spells:

 Spells                   Type           Power      Damage    Failure   Level
 Kiss of Death            Conj/Necr      0%         2d5       73%         1
 Magic Dart               Conj           0%         1d3       73%         1
 Sandblast                Erth           0%         2d4       73%         1
 Blink                    Tloc           0%         N/A       86%         2
 Call Imp                 Summ           0%         N/A       86%         2
 Ensorcelled Hibernation  Hex/Ice        0%         N/A       86%         2
 Confusing Touch          Hex            0%         N/A       97%         3
 Fugue of the Fallen      Necr           0%         N/A       97%         3
 Passwall                 Erth           0%         N/A       97%         3
 Stone Arrow              Conj/Erth      0%         3d7       97%         3
 Anguish                  Hex/Necr       0%         N/A       100%        4
 Brom's Barrelling Bould  Conj/Erth      0%         2d3       100%        4
 Dispel Undead            Necr           0%         3d6       100%        4


Dungeon Overview and Level Annotations

Branches:
Dungeon (6/15)
 Temple: D:4-7

Altars:
Cheibriados
Makhleb

Shops:
D:5 !

Annotations:
D:6 Maggie


Innate Abilities, Weirdness & Mutations

Your facial features are unmistakably orcish.
You can breathe wild blasts of lightning.
Your glossy black scales are hard. (AC +6)
You cannot fit into any form of body armour.
You are resistant to electric shocks. (rElec)
You are cold-blooded and may be slowed by cold attacks.
Your body sometimes deteriorates upon taking damage.
You are somewhat resistant to further mutation.


Message History

Maggie is heavily wounded.
You hit Maggie but do no damage.
Maggie is heavily wounded.
Maggie mumbles some strange words.
Maggie draws you further into her thrall.
You hit Maggie but do no damage.
Maggie is heavily wounded.
Maggie casts a spell.
Maggie draws you further into her thrall.
You hit Maggie.
Maggie is heavily wounded.
You hit Maggie but do no damage.
Maggie is heavily wounded.
Maggie points at you and mumbles some strange words.
The bolt of fire hits you!!
* * * LOW HITPOINT WARNING * * *
You completely miss Maggie. You tail-slap Maggie, but do no damage.
Maggie is heavily wounded.
Maggie closely misses you.
Unknown command.
Unknown command.
You cannot move away from Maggie!
Unknown command.
You cannot move away from Maggie!
It was a potion of mutation.
You feel extremely strange.
You feel yourself wasting away.
You feel genetically stable.
Unknown command.
It was a potion of invisibility.
You fade into invisibility!
Maggie misses you.
Unknown command.
It was a potion of resistance.
You feel protected. You block Maggie's attack.
Unknown command.
Unknown command.
You hit Maggie.
Maggie is heavily wounded.
Maggie hits you with a +0 halberd!
You die...

#...............#
####'###.###+##.# ####.#
#.# #.##.# #....# #.#
#.##.# #....# #.###.##.#
### ###....###..##.##.#
.... #[......###.##.#..#
.....
#.....@.##.......##
......#......@......>###
$............#..###..#
#...#####....#..'_#..#
#. ######..###..#
#......## #......#
########


You could see Maggie (mesmerising, unable to see you).

Vanquished Creatures
  Pikel (D:5)
  Prince Ribbit (D:6)
  Edmund (D:4)
  A water moccasin (D:5)
  2 black bears (D:5)
  An ogre (D:5)
  A centaur (D:5)
  2 lemures (D:5)
  A bullfrog (D:6)
  A scorpion (D:4)
  A jelly (D:4)
  3 hounds
  A gnoll bouda (D:5)
  3 iguanas
  An orc wizard (D:5)
  7 gnolls (D:5)
  7 adders
  2 white imps (D:6)
  5 dart slugs
  A ribbon worm (D:3)
  8 orcs
  10 endoplasms
  3 giant cockroaches
  7 goblins
  10 hobgoblins
  A quokka (D:1)
  7 ball pythons
  6 bats
  4 frilled lizards
  3 kobolds
  7 rats
109 creatures vanquished.

Vanquished Creatures (others)
  2 orcs (D:5)
  A giant cockroach (D:4)
3 creatures vanquished.

Grand Total: 112 creatures vanquished

Notes
Turn   | Place    | Note
-------+----------+-------------------------------------------
     0 | D:1      | FenstriderWitch the Draconian Monk began the quest for the
                  | Orb.
     0 | D:1      | Reached XP level 1. HP: 19/19 MP: 1/1
   135 | D:1      | Reached XP level 2. HP: 26/26 MP: 2/2
   363 | D:1      | Reached XP level 3. HP: 28/33 MP: 3/3
   618 | D:2      | Reached skill level 4 in Long Blades
   811 | D:2      | Reached XP level 4. HP: 40/40 MP: 4/4
  2047 | D:3      | Reached XP level 5. HP: 38/46 MP: 5/5
  2100 | D:3      | Reached skill level 1 in Shields
  2247 | D:4      | Noticed Edmund
  2268 | D:4      | Killed Edmund
  2269 | D:4      | Reached skill level 5 in Long Blades
  2269 | D:4      | Reached XP level 6. HP: 18/53 MP: 6/6
  2718 | D:4      | Became a worshipper of Beogh the Shepherd
  2718 | D:4      | Reached * piety under Beogh
  2718 | D:4      | Reached ** piety under Beogh
  3336 | D:5      | Entered Level 5 of the Dungeon
  3388 | D:5      | Your scales start taking on a glossy black colour.
  3388 | D:5      | Reached XP level 7. HP: 20/60 MP: 7/7
  3388 | D:5      | Gained mutation: You are resistant to electric shocks.
                  | (rElec) [Black Draconian growth]
  3526 | D:5      | Reached skill level 5 in Fighting
  3727 | D:5      | Found a burning altar of Makhleb.
  3777 | D:5      | Reached skill level 6 in Long Blades
  4063 | D:5      | Found Filey's Distillery.
  4073 | D:5      | Bought a potion of curing for 42 gold pieces
  4124 | D:5      | Noticed Pikel
  4155 | D:5      | Killed Pikel
  4156 | D:5      | Reached skill level 7 in Long Blades
  4156 | D:5      | Reached skill level 5 in Dodging
  4156 | D:5      | Reached XP level 8. HP: 49/70 MP: 8/8
  5082 | D:6      | Noticed Prince Ribbit
  5124 | D:6      | Killed Prince Ribbit
  5125 | D:6      | Reached skill level 8 in Long Blades
  5310 | D:6      | Found a snail-covered altar of Cheibriados.
  5341 | D:6      | Noticed Maggie
  5380 | D:6      | HP: 3/71 [Maggie/bolt of fire (28)]
  5382 | D:6      | Gained mutation: Your body sometimes deteriorates upon
                  | taking damage. [potion of mutation]
  5382 | D:6      | Gained mutation: You are somewhat resistant to further
                  | mutation. [potion of mutation]
  5385 | D:6      | Slain by Maggie

Illustrated notes

Levels and vault maps discovered:
D:1:      psy_arrival_fountain, layout_rooms
D:2:      minmay_spotlight, layout_loops_ring
D:3:      minmay_chambers_of_threes, layout_basic
D:4:      layout_gridville, uniq_edmund
D:5:      layout_basic, lightli_temple_of_fire, serial_shops, shop, uniq_pikel
D:6:      layout_basic, kennysheep_mini_moat, uniq_maggie, uniq_prince_ribbit1

Skill      XL: |  1  2  3  4  5  6  7  8 |
---------------+-------------------------+-----
Dodging        | 3 4 5 |  5.5
Long Blades    | 4 5 7 8 |  8.1
Fighting       | 4 6 |  6.6
Shields        | 1 2 3 4 |  4.6

Action                     |  1- 3 |  4- 6 |  7- 9 || total
---------------------------+-------+-------+-------++-------
  Melee: Falchion          |    56 |   182 |   167 ||   405
         Tailslap          |     8 |    25 |    40 ||    73
 Invoke: Convert to Beogh  |       |     1 |       ||     1
         Smiting           |       |       |     1 ||     1
Ability: Breathe Lightning |       |       |     9 ||     9
  Evoke: Wand              |       |     3 |     1 ||     4
    Use: Potion            |       |       |     6 ||     6
   Stab: Paralysed         |       |     8 |    11 ||    19
         Sleeping          |       |       |     1 ||     1
 Armour: Skin              |    34 |   101 |    90 ||   225
  Dodge: Dodged            |    44 |   127 |   116 ||   287
  Block: Kite shield       |       |       |    24 ||    24

Table legend: (Time is in decaauts)
 A = Elapsed time spent in this place.
 B = Non-inter-level travel time spent in this place.
 C = Inter-level travel time spent in this place.
 D = Time resting spent in this place.
 E = Time spent auto-exploring this place.
 F = Levels seen in this place.
 G = Mean time per level.
                   A        B        C        D        E       F      G
               +--------+--------+--------+--------+--------+-----+--------+
         Total |   5403 |   5274 |    129 |    753 |   3728 |   6 |  900.5 |
       Dungeon |   5403 |   5274 |    129 |    753 |   3728 |   6 |  900.5 |
               +--------+--------+--------+--------+--------+-----+--------+

Top non-repeatable levels by time:
     D:5: 1631 daAuts
     D:4: 1146 daAuts
     D:2: 849 daAuts
     D:3: 757 daAuts
     D:1: 602 daAuts
     D:6: 415 daAuts
